 Dungeon Crawl Stone Soup version 0.20-a0-993-gba41c3c (webtiles) character file.

158 Monsterracer the Changer (level 5, -1/44 HPs)
             Began as a Naga Transmuter on Apr 11, 2017.
             Slain by a centaur (8 damage)
             ... on level 3 of the Dungeon.
             The game lasted 00:07:19 (3338 turns).

Monsterracer the Changer (Naga Transmuter)          Turns: 3338, Time: 00:07:20

Health: -1/44      AC:  2    Str: 12      XL:     5   Next: 40%
Magic:  6/8        EV: 19    Int: 14 (15) God:
Gold:   76         SH:  0    Dex: 16      Spells: 4/8 levels left

rFire    . . .     SeeInvis +     - Unarmed
rCold    . . .     Gourm    .   (shield currently unavailable)
rNeg     + . .     Faith    .   (armour currently unavailable)
rPois    x         Spirit   .   (helmet currently unavailable)
rElec    .         Reflect  .   (cloak currently unavailable)
rCorr    .         Harm     .   (gloves currently unavailable)
MR       .....                  (no barding)
Stlth    +.........             (no amulet)
Regen    0.2/turn               j - ring of positive energy
MPRegen  0.2/turn               (no ring)

@: spider-form (expiring)
A: see invisible, slow metabolism 1, spit poison 1, AC +1
a: Spit Poison, End Transformation


You were on level 3 of the Dungeon.
You were not hungry.
You were a venomous arachnid creature.
You visited 1 branch of the dungeon, and saw 3 of its levels.

You collected 76 gold pieces.

Inventory:

Armour
 b - a +0 robe (melded)
 e - a +0 ring mail of poison resistance
 l - a +2 pair of gloves (melded)
Jewellery
 j - a ring of positive energy (left front leg)
Scrolls
 h - a scroll of identify {unknown}
 k - a scroll of fear
Potions
 a - a potion of ambrosia {unknown}
 i - a potion of curing
Books
 c - a book of Changes

   Spells                             Type                      Level
   a - Beastly Appendage              Transmutation                1
   b - Sticks to Snakes               Transmutation                2
   c - Spider Form                    Transmutation/Poison         3
   d - Ice Form                       Ice/Transmutation            4
   e - Blade Hands                    Transmutation                5
Comestibles
 d - 2 bread rations
 f - 3 fruits
 g - a chunk of flesh


   Skills:
 - Level 1.0 Fighting
 - Level 1.5 Dodging
 + Level 4.1 Unarmed Combat
 - Level 2.0 Spellcasting
 * Level 4.5 Transmutations


You had 4 spell levels left.
You knew the following spells:

 Your Spells              Type           Power        Failure   Level  Hunger
a - Beastly Appendage     Tmut           ##....       12%         1    ##.....
b - Spider Form           Tmut/Pois      #.........   52%         3    ####...


Dungeon Overview and Level Annotations

Branches:
Dungeon (3/15)

Altars:
Gozag
Nemelex Xobeh
Xom
Zin


Innate Abilities, Weirdness & Mutations

You cannot wear boots.
((Your serpentine skin is tough. (AC +1)))
You have supernaturally acute eyesight. (SInv)
((Armour fits poorly on your strangely shaped body.))
((Your system is resistant to poisons. (rPois)))
((You cover ground very slowly.))
You have a slow metabolism.
You can spit poison.


Message History

The centaur completely misses you.
A rat comes into view.
You hit the centaur.
The centaur is poisoned.
The centaur is lightly wounded.
The centaur hits you!
* * * LOW HITPOINT WARNING * * *
The goblin misses you.
You hit the centaur but do no damage.
The centaur looks as sick as possible!
The centaur is moderately wounded.
The centaur hits you but does no damage.
The goblin completely misses you.
You hit the centaur but do no damage.
The centaur looks as sick as possible!
The centaur is moderately wounded.
The centaur hits you.
* * * LOW HITPOINT WARNING * * *
The centaur closely misses you.
You completely miss the centaur.
The centaur is heavily wounded.
The goblin completely misses you. The centaur hits you!
You die...

.........####
............. .........#
#.########### .........#
#...#..... .. .........#
###.#....###. .........#
#.#.....##.
........$#####.##....##.
......cs(....(..+^......
..###.g......#.##....##.
....................###
.....................#..
.........r........#..# #
...?..?...........#..# #
........###..........#.#
...s.....#........#.##..
....# #.########.####


You could see a centaur, a giant cockroach (wandering), a goblin and a rat.

Vanquished Creatures
  Natasha (thrice) (D:2 D:3)
  2 oozes (D:1)
  2 worms
  6 leopard geckos
  2 orcs (D:3)
  7 bats
  A giant cockroach (D:1)
  6 goblins (D:1)
  12 hobgoblins
  A quokka (D:2)
  5 frilled lizards
  4 kobolds
  11 rats
62 creatures vanquished.

Notes
Turn   | Place    | Note
-------+----------+-------------------------------------------
     0 | D:1      | Monsterracer the Naga Transmuter began the quest for the Orb.
     0 | D:1      | Reached XP level 1. HP: 18/18 MP: 3/3
   218 | D:1      | Reached XP level 2. HP: 22/25 MP: 5/5
   767 | D:1      | Reached XP level 3. HP: 16/31 MP: 6/6
  1159 | D:1      | Learned a level 3 spell: Spider Form
  1757 | D:2      | Reached XP level 4. HP: 32/38 MP: 7/7
  2311 | D:2      | Noticed Natasha
  2320 | D:2      | Killed Natasha
  2461 | D:2      | Found a sparkling altar of Nemelex Xobeh.
  2552 | D:2      | Found a shimmering altar of Xom.
  2552 | D:2      | Found a glowing silver altar of Zin.
  2552 | D:2      | Found an opulent altar of Gozag.
  2804 | D:3      | Noticed Natasha
  2818 | D:3      | Killed Natasha
  2818 | D:3      | Reached XP level 5. HP: 3/44 MP: 8/8
  3290 | D:3      | Noticed Natasha
  3297 | D:3      | Killed Natasha
  3315 | D:3      | Noticed a centaur
  3338 | D:3      | Slain by a centaur

Vault maps used:
D:1:      dpeg_arrival_subterranean_lakeside_camping, serial_corexii_hall,
          corexii_hall_statues_x, corexii_hall_statues_i, serial_bayou_lagoon_a
D:2:      gammafunk_temple_overflow_claw, serial_corexii_hall,
          corexii_hall_statues_i, corexii_hall_statues_s,
          corexii_hall_statues_i, corexii_hall_statues_x,
          nemelex_spade_bored_becter, uniq_natasha
D:3:      cheibriados_altar_1, uniq_jessica

Skill      XL: |  1  2  3  4 |
---------------+-------------+-----
Transmutations | 3 4 |  4.5
Unarmed Combat | 4 |  4.1
Fighting       | |  1.0
Dodging        | |  1.5
Spellcasting   | |  2.0

Action                   |  1- 3 |  4- 6 || total
-------------------------+-------+-------++-------
Melee: Unarmed           |   163 |    91 ||   254
       Headbutt          |     4 |     3 ||     7
       Punch             |     2 |     1 ||     3
 Cast: Beastly Appendage |     8 |     5 ||    13
       Spider Form       |       |     7 ||     7
  Use: Potion            |     3 |     1 ||     4
       Scroll            |       |     4 ||     4
 Stab: Distracted        |     1 |       ||     1
  Eat: Chunk             |     1 |     6 ||     7
Armor: Robe              |    36 |    13 ||    49
       Skin              |       |     1 ||     1
Dodge: Dodged            |    92 |    58 ||   150
